 Dungeon Crawl Stone Soup version 0.28.0-62-gf88900778d (webtiles) character file.

Game seed: 10620051240786578961

47 cbfl8 the Chopper (level 3, -3/33 HPs)
             Began as a Hill Orc Berserker on July 20, 2023.
             Was a Believer of Trog.
             Slain by a worm (8 damage)
             ... on level 2 of the Dungeon.
             The game lasted 00:00:57 (1514 turns).

cbfl8 the Chopper (Hill Orc Berserker)              Turns: 1514, Time: 00:00:59

Health: -3/33      AC:  2    Str: 19    XL:     3   Next: 70%
Magic:  3/3        EV: 11    Int:  7    God:    Trog [**....]
Gold:   21         SH:  3    Dex: 12    Spells: 2/2 levels left

rFire   . . .      SeeInvis .   a - +0 hand axe
rCold   . . .      Faith    .   f - +0 buckler
rNeg    . . .      Spirit   .   b - +0 animal skin
rPois   .          Reflect  .   (no helmet)
rElec   .          Harm     .   (no cloak)
rCorr   .          Rampage  .   (no gloves)
Will    .....                   (no boots)
Stlth   +.........              (no amulet)
HPRegen 0.11/turn               (no ring)
MPRegen 0.08/turn               (no ring)

@: lethally poisoned (-3 -> -10)
A: no striking features
a: Renounce Religion, Berserk, Trog's Hand


You were on level 2 of the Dungeon.
You worshipped Trog.
Trog was pleased with you.
You visited 1 branch of the dungeon, and saw 2 of its levels.

You collected 21 gold pieces.

Inventory:

Hand Weapons
 a - a +0 hand axe (weapon)
Armour
 b - a +0 animal skin (worn)
 f - a +0 buckler (worn)
Scrolls
 d - a scroll of holy word {unknown}
 g - a scroll of enchant armour {unknown}
Potions
 c - a potion of haste {unknown}
 e - a potion of degeneration {unknown}


   Skills:
 + Level 4.0 Fighting
 + Level 4.6 Axes
 + Level 2.3 Armour
 + Level 1.8 Dodging
 + Level 1.0 Shields
 * Level 1.2 Evocations


You had 2 spell levels left.
You didn't know any spells.
Your spell library was empty.

Dungeon Overview and Level Annotations

Branches:
Dungeon (2/15)

Altars:

Shops:
D:1 !


Message History

You are poisoned.
The adder poisons you! The adder closely misses you.
Unknown command.
You barely miss the adder.
The adder is lightly wounded.
You feel sick. The adder barely misses you.
Unknown command.
You hit the adder.
The adder is moderately wounded.
You feel sick. You block the adder's attack. The adder barely misses you.
Unknown command.
You miss the adder.
The adder is moderately wounded.
You hit the worm.
You feel sick. The adder bites you. The worm barely misses you.
Unknown command.
You hit the adder.
The adder is severely wounded.
You hit the worm but do no damage.
You feel sick.
You are no longer poisoned.
You block the adder's attack. The adder barely misses you.
Unknown command.
You hit the adder but do no damage.
The adder is severely wounded.
You hit the worm but do no damage. The worm bites you!
* * * LOW HITPOINT WARNING * * *
The adder bites you but does no damage.
Unknown command.
You are too injured to fight recklessly!
Unknown command.
You are too injured to fight recklessly!
Unknown command.
You are too injured to fight recklessly!
You hit the adder but do no damage.
The adder is severely wounded.
You hit the worm but do no damage. The adder bites you.
* * * LOW HITPOINT WARNING * * *
You are lethally poisoned!
The adder poisons you! The worm bites you!
You die...

..... ... ...... ...
...... .. ...... ..
......##.### ...
......'.... ....
.......#S###.....
#.@...+..... ...
#.w####.....
....#..........#
......).......[....
#.....#............
##...##..#.........
#### #..#.........
....#.........
......#...#......##.


You could see a worm and an adder.

Vanquished Creatures
  An adder (D:2)
  3 ball pythons
  3 bats (D:1)
  6 endoplasms (D:1)
  2 goblins
  2 hobgoblins (D:1)
  4 jackals (D:1)
  5 kobolds
  4 quokkas (D:1)
  A frilled lizard (D:1)
  2 rats (D:1)
33 creatures vanquished.

Notes
Turn   | Place    | Note
-------+----------+-------------------------------------------
     0 | D:1      | cbfl8 the Hill Orc Berserker began the quest for the Orb.
     0 | D:1      | Reached XP level 1. HP: 19/19 MP: 1/1
   252 | D:1      | Found Pigonud's Distillery.
   269 | D:1      | Reached XP level 2. HP: 20/27 MP: 2/2
   825 | D:1      | Reached XP level 3. HP: 25/33 MP: 3/3
   905 | D:1      | Reached skill level 1 in Evocations
  1191 | D:1      | Found a faded altar of an unknown god.
  1198 | D:1      | Reached ** piety under Trog
  1455 | D:2      | Reached skill level 1 in Shields
  1514 | D:2      | Slain by a worm

Illustrated notes

Levels and vault maps discovered:
D:1:      amcnicky_arrival_wind_blow, layout_basic,
          hellmonk_ecumenical_altar_blasted, serial_shops,
          nicolae_shop_competitors_out_of_business
D:2:      layout_basic, basic_altar, grunt_ministairs_1,
          minmay_misc_feat_enclosed

Skill      XL: |  1  2  3 |
---------------+----------+-----
Evocations     | 1 |  1.2
Fighting       | 4 |  4.0
Shields        | 1 |  1.0
Axes           | |  4.6
Armour         | |  2.3
Dodging        | |  1.8

Action                   || total
-------------------------++-------
Melee: Hand axe          ||    99
 Stab: Sleeping          ||     1
Armor: Animal skin       ||    22
Dodge: Dodged            ||    77
Block: Buckler           ||     8
